 Dungeon Crawl Stone Soup version 0.16-a0-3533-gc382f62 (webtiles) character file.

6344 Grangar the Arsonist (level 10, -8/52 HPs)
             Began as a Deep Elf Fire Elementalist on Jan 8, 2015.
             Was a Believer of Vehumet.
             Engulfed by a cloud of flame (13 damage)
             ... on level 10 of the Dungeon.
             The game lasted 00:53:01 (12170 turns).

Grangar the Arsonist (Deep Elf Fire Elementalist)  Turns: 12170, Time: 00:53:01

Health: -8/52      AC:  3    Str:  8    XL:     10   Next: 64%
Magic:  14/30      EV: 17    Int: 24    God:    Vehumet [**....]
Gold:   451        SH:  0    Dex: 15    Spells: 6 memorised, 9 levels left

rFire  . . .     SeeInvis .     f - +0 quarterstaff
rCold  . . .     Clarity  .     L - +0 robe
rNeg   . . .     SustAb   +     (no shield)
rPois  .         Gourm    .     (no helmet)
rElec  .         Spirit   .     F - +0 cloak
rCorr  .         Warding  .     (no gloves)
rMut   .         Stasis   .     (no boots)
MR     +....                    (no amulet)
Stlth  +++.......               E - +3 ring of strength
                                g - ring of sustain abilities

@: somewhat resistant to hostile enchantments, fairly stealthy
A: no striking features
a: Renounce Religion


You were on level 10 of the Dungeon.
You worshipped Vehumet.
Vehumet was pleased with you.
You were not hungry.

You visited 3 branches of the dungeon, and saw 12 of its levels.
You also visited: Sewer.

You collected 451 gold pieces.

Inventory:

Hand weapons
 f - a +0 quarterstaff (weapon)
 i - a +2 short sword of venom
 C - a +4 dagger
Armour
 a - a +0 robe
 F - a +0 cloak (worn)
 L - a +0 robe (worn)
 M - a +2 animal skin
Jewellery
 g - a ring of sustain abilities (left hand)
 s - an uncursed ring of teleport control
 D - an uncursed amulet of rage
 E - a +3 ring of strength (right hand)
 H - an uncursed ring of teleportation
Magical devices
 k - a wand of fire (5)
 w - a wand of lightning (6)
 G - a wand of draining (6)
 I - a wand of random effects (31)
 P - a wand of frost (32)
Scrolls
 d - 3 scrolls of teleportation {sew}
 e - 2 scrolls of immolation
 h - 4 scrolls of remove curse
 l - 3 scrolls of fog {unknown}
 r - 3 scrolls of noise {unknown}
 y - 3 scrolls of random uselessness {unknown}
 z - 4 scrolls of identify
 B - a scroll of recharging {unknown}
 N - a scroll of magic mapping {unknown}
Potions
 j - 2 potions of curing {sew}
 m - a potion of beneficial mutation {unknown}
 n - 2 potions of haste
 o - 5 potions of magic
 p - 2 potions of might {sew}
 t - a potion of invisibility {unknown}
 u - 2 potions of ambrosia {unknown}
 v - a potion of agility
 A - a potion of restore abilities
 J - a potion of cancellation {unknown}
 K - a potion of heal wounds {unknown}
 O - a potion of brilliance {unknown}
 Q - a potion of resistance {unknown}
Books
 b - a book of Flames

   Spells                             Type                      Level
   a - Flame Tongue                   Conjuration/Fire             1
   b - Throw Flame                    Conjuration/Fire             2
   c - Conjure Flame                  Conjuration/Fire             3
   d - Inner Flame                    Hexes/Fire                   3
   e - Sticky Flame                   Conjuration/Fire             4
   f - Fireball                       Conjuration/Fire             5
Comestibles
 c - 8 bread rations
 q - 4 meat rations
 x - 5 slices of pizza
 R - 3 chunks of flesh


   Skills:
 + Level 1.1 Fighting
 + Level 0.8 Short Blades
 + Level 1.3 Staves
 * Level 8.5 Dodging
 + Level 3.9 Stealth
 + Level 9.2 Spellcasting
 * Level 9.5 Conjurations
 + Level 1.5 Hexes
 * Level 10.5 Fire Magic


You had 9 spell levels left.
You knew the following spells:

 Your Spells              Type           Power        Failure   Level  Hunger
a - Flame Tongue          Conj/Fire      #####        1%          1    None
b - Throw Flame           Conj/Fire      ######       1%          2    None
c - Conjure Flame         Conj/Fire      ######..     1%          3    None
d - Inner Flame           Hex/Fire       #####...     1%          3    None
e - Sticky Flame          Conj/Fire      ######..     1%          4    ##.....
f - Fireball              Conj/Fire      ######....   2%          5    ####...


Dungeon Overview and Level Annotations

Branches:
Dungeon (10/15)            Temple (1/1) D:7            Lair (1/8) D:9
    Orc: D:9-12

Altars:
Ashenzari
Cheibriados
Dithmenos
Elyvilon
Fedhas
Gozag
Kikubaaqudgha
Makhleb
Nemelex Xobeh
Okawaru
Qazlal
Ru
Sif Muna
Trog
Vehumet
Xom
Yredelemnul
Zin
The Shining One

Shops:
D:4 (

Annotations:
D:10 Sonja


Message History

Confirm with . or Enter, or press ? or * to list all spells.
Aiming: Fireball
Press: ? - help, Shift-Dir - straight line
Okay, then.
Something hits you but does no damage.
Casting: Fireball
Confirm with . or Enter, or press ? or * to list all spells.
Aiming: Fireball
Press: ? - help, Shift-Dir - straight line, f - deep elf mage
Aim: a deep elf mage, wielding a dagger and wearing a leather armour The fireball explodes!
The fireball engulfs something.
The fiery explosion engulfs you!
Ouch! That really hurt!
Vehumet accepts your kill.
You feel your power returning.
Reactivating autopickup.
You feel a bit more experienced. The fireball engulfs you!
* * * LOW HITPOINT WARNING * * *
You are engulfed in roaring flames.
You die...

^###.......###
.###.#####...###
.##..# ###...###
##..## ###...#
#### ###.###
##.. #...##....#
###.%..# ####
##§..#.##
#..#######§@###
# #...*e§.)§§##
#...########
#...# #..## #..#
#e{.. #......
#...)..[.


You could see a deep elf mage.

Vanquished Creatures
  Pikel (D:4)
  A hill giant (D:9)
  A two-headed ogre (D:8)
  A yak (D:7)
  A human (D:7)
  A hungry ghost (D:7)
  Grum (D:8)
  2 hippogriffs
  2 wolves (D:7)
  Edmund (D:5)
  Menkaure (D:5)
  2 orc warriors
  2 black bears
  A wasp (D:10)
  3 ogres
  A slave (D:4)
  7 centaurs
  A necrophage (D:7)
  A crocodile (D:9)
  Sigmund (D:4)
  4 big kobolds
  The ghost of Grangar the Firebug, an average DEFE (D:3)
  2 giant frogs
  Blork the orc (D:4)
  A gnoll sergeant (D:7)
  A scorpion (D:5)
  4 crimson imps
  A goliath beetle (D:7)
  6 hounds
  4 jellies
  2 orc priests
  12 orc wizards
  12 worker ants
  A quasit (D:7)
  An iguana (D:8)
  3 sheep (D:7)
  Ijyb (D:6)
  A hound skeleton (D:4)
  3 worker ant zombies
  4 gnolls
  12 adders
  A river rat (Sewer)
  A shadow imp (D:6)
  4 giant mites
  7 worms
  4 adder zombies
  An adder skeleton (D:5)
  3 giant geckos
  3 oozes
  48 orcs
  9 ball pythons
  A bat zombie (D:6)
  6 giant cockroaches
  17 goblins
  9 hobgoblins
  11 jackals
  29 kobolds
  2 quokkas
  20 bats
  A giant gecko skeleton (D:7)
  6 giant newts
  A giant spore (D:7)
  22 rats
  A ballistomycete (D:7)
316 creatures vanquished.

Vanquished Creatures (others)
  A hound (D:4)
  A giant cockroach (D:4)
  A rat (D:4)
  A fungus (D:9)
4 creatures vanquished.

Grand Total: 320 creatures vanquished

Notes
Turn   | Place    | Note
--------------------------------------------------------------
     0 | D:1      | Grangar, the Deep Elf Fire Elementalist, began the quest for the Orb.
     0 | D:1      | Reached XP level 1. HP: 10/10 MP: 5/5
   176 | D:1      | Reached XP level 2. HP: 15/15 MP: 4/8
   180 | D:1      | Learned a level 2 spell: Throw Flame
   279 | D:1      | Reached skill level 4 in Fire Magic
   491 | D:1      | Reached XP level 3. HP: 19/19 MP: 0/11
   496 | D:1      | Learned a level 3 spell: Conjure Flame
  1069 | D:2      | Reached XP level 4. HP: 24/24 MP: 5/14
  1074 | D:2      | Learned a level 3 spell: Inner Flame
  1864 | D:3      | Found a shadowy altar of Dithmenos.
  1999 | D:3      | Reached skill level 5 in Fire Magic
  1999 | D:3      | Reached XP level 5. HP: 28/28 MP: 0/17
  2037 | D:3      | Found a glowing drain.
  2053 | Sewer    | Entered a sewer
  2314 | Sewer    | Reached XP level 6. HP: 29/32 MP: 16/20
  2321 | Sewer    | Learned a level 4 spell: Sticky Flame
  3028 | Sewer    | Reached skill level 6 in Fire Magic
  3196 | D:3      | Found a snail-covered altar of Cheibriados.
  3379 | D:3      | Noticed Grangar's ghost (average DEFE)
  3387 | D:3      | Killed Grangar's ghost
  3387 | D:3      | Reached XP level 7. HP: 5/36 MP: 12/22
  3793 | D:4      | Noticed Blork the orc
  3802 | D:4      | Killed Blork the orc
  3906 | D:4      | Found Piovep's Weapon Shoppe.
  3961 | D:4      | Reached skill level 5 in Spellcasting
  4117 | D:4      | Noticed Pikel
  4119 | D:4      | Noticed Sigmund
  4121 | D:4      | Killed Sigmund
  4121 | D:4      | Reached skill level 5 in Conjurations
  4121 | D:4      | Killed Pikel
  4121 | D:4      | Reached skill level 7 in Fire Magic
  4121 | D:4      | Reached XP level 8. HP: 35/41 MP: 8/25
  4379 | D:4      | Reached skill level 5 in Dodging
  4710 | D:5      | Entered Level 5 of the Dungeon
  5030 | D:5      | Reached skill level 8 in Fire Magic
  5692 | D:5      | Noticed Menkaure
  5696 | D:5      | Killed Menkaure
  6195 | D:5      | Noticed Edmund
  6214 | D:5      | Killed Edmund
  6214 | D:5      | Reached XP level 9. HP: 46/46 MP: 10/27
  6715 | D:6      | Noticed Ijyb
  6718 | D:6      | Killed Ijyb
  7186 | D:6      | Reached skill level 9 in Fire Magic
  7371 | D:6      | Reached skill level 1 in Hexes
  8077 | D:7      | Found a staircase to the Ecumenical Temple.
  8102 | Temple   | Entered the Ecumenical Temple
  8189 | Temple   | Became a worshipper of Vehumet
  8244 | D:7      | Found a burning altar of Makhleb.
  8364 | D:7      | Found a stormy altar of Qazlal.
  8869 | D:7      | Found a glowing golden altar of the Shining One.
  9621 | D:7      | Reached XP level 10. HP: 51/51 MP: 23/29
  9634 | D:7      | Learned a level 5 spell: Fireball
  9643 | D:8      | Noticed Grum
  9655 | D:7      | Reached skill level 1 in Fighting
  9932 | D:8      | You fall through a shaft for 2 floors!
  9932 | D:10     | Entered Level 10 of the Dungeon
  9936 | D:10     | Acquired Vehumet's first power
  9936 | D:10     | Offered knowledge of Sting by Vehumet.
 10069 | D:10     | Noticed Sonja
 10174 | D:9      | Found a sparkling altar of Nemelex Xobeh.
 10200 | D:9      | Found a staircase to the Lair.
 10293 | D:8      | Reached skill level 10 in Fire Magic
 10393 | D:8      | Killed Grum
 10938 | D:8      | Found a shattered altar of Ashenzari.
 10945 | D:8      | Found an ancient bone altar of Kikubaaqudgha.
 10945 | D:8      | Found a bloodstained altar of Trog.
 10990 | D:8      | Found a stormy altar of Qazlal.
 11314 | D:9      | Offered knowledge of Shock by Vehumet.
 11738 | D:9      | Noticed a hill giant
 11749 | D:9      | Killed a hill giant
 11749 | D:9      | Reached skill level 1 in Staves
 11914 | Lair:1   | Entered Level 1 of the Lair of Beasts
 12170 | D:10     | Engulfed by a cloud of flame

Action                   |  1- 3 |  4- 6 |  7- 9 | 10-12 || total
-------------------------+-------+-------+-------+-------++-------
Melee: Short sword       |     5 |    12 |   135 |       ||   152
       Quarterstaff      |       |       |    25 |    37 ||    62
 Cast: Flame Tongue      |    29 |    59 |   203 |    97 ||   388
       Throw Flame       |    26 |    72 |   129 |    42 ||   269
       Conjure Flame     |       |     2 |    14 |     4 ||    20
       Inner Flame       |       |       |    10 |     7 ||    17
       Sticky Flame      |       |       |       |     6 ||     6
       Fireball          |       |       |       |     3 ||     3
  Use: Scroll            |       |       |    10 |     3 ||    13
       Potion            |       |       |       |     2 ||     2
 Stab: Distracted        |       |     1 |       |       ||     1
  Eat: Chunk             |     1 |     7 |    10 |     2 ||    20
       Meat ration       |       |       |     2 |       ||     2
       Bread ration      |       |       |     1 |       ||     1
       Pizza             |       |       |       |     3 ||     3
       Beef jerky        |       |       |       |     2 ||     2
